 Dungeon Crawl Stone Soup version 0.23.2-40-g277498a001 (webtiles) character file.

Game seed: 6028053561276886325

211 Felnil the Skirmisher (level 5, -11/47 HPs)
             Began as a Mummy Fighter on Aug 12, 2019.
             Killed from afar by Sigmund (15 damage)
             ... with a puff of flame
             ... on level 4 of the Dungeon.
             The game lasted 00:04:56 (2564 turns).

Felnil the Skirmisher (Mummy Fighter)               Turns: 2564, Time: 00:04:56

Health: -11/47     AC:  6    Str: 20    XL:     5   Next: 57%
Magic:  5/5        EV:  7    Int:  8    God:
Gold:   141        SH:  0    Dex: 11    Spells: 4/4 levels left

rFire    x . .     SeeInvis .   i - +2 short sword (venom)
rCold    + . .     Gourm    .   c - +0 shield
rNeg     + + +     Faith    .   b - +0 scale mail
rPois    ∞         Spirit   .   (no helmet)
rElec    .         Reflect  .   (no cloak)
rCorr    .         Harm     .   (no gloves)
MR       .....                  (no boots)
Stlth    ..........             (no amulet)
HPRegen  0.15/turn              (no ring)
MPRegen  0.09/turn              (no ring)

@: confused
A: no food or potions, fire vulnerability, cold resistance 1, negative energy
resistance 3, torment resistance, unbreathing
a: no special abilities


You were on level 4 of the Dungeon.
You were not hungry.

You visited 1 branch of the dungeon, and saw 4 of its levels.

You collected 141 gold pieces.

Inventory:

Hand Weapons
 a - a +0 rapier
 i - a +2 short sword of venom (weapon)
Armour
 b - a +0 scale mail (worn)
 c - a +0 shield (worn)
Scrolls
 d - 2 scrolls of magic mapping {unknown}
 e - 2 scrolls of teleportation {unknown}
 f - 5 scrolls of identify {unknown}
 g - 2 scrolls of fog {unknown}
 h - a scroll of remove curse {unknown}
 j - 2 scrolls of blinking {unknown}
 k - a scroll of amnesia {unknown}
 l - a scroll of random uselessness {unknown}
 m - a scroll of immolation {unknown}


   Skills:
 + Level 6.4 Fighting
 - Level 1.5 Short Blades
 - Level 2.4 Armour
 - Level 2.4 Shields


You had 4 spell levels left.
You didn't know any spells.
Your spell library was empty.

Dungeon Overview and Level Annotations

Branches:
Dungeon (4/15)
 Temple: D:4-7

Altars:
Yredelemnul

Annotations:
D:4 Sigmund


Innate Abilities, Weirdness & Mutations

You do not eat or drink.
Your flesh is vulnerable to fire.
You are immune to poison.
Your flesh is cold resistant. (rC+)
You are immune to negative energy. (rN+++)
You are immune to unholy pain and torment.
You can survive without breathing.


Message History

You barely miss something. You hit something. Something hits you!
You hit something. Something hits you.
You hear some strange, mumbled words.
You are confused.
You're too confused to move!
You bump into the rock wall.
A magic dart appears from out of thin air!
The magic dart hits you!
* * * LOW HITPOINT WARNING * * *
You hear some strange, mumbled words.
A puff of flame appears from out of thin air!
The puff of flame hits you! The fire burns you terribly!
* * * LOW HITPOINT WARNING * * *
Found a hunting sling.
Found a basalt altar of Yredelemnul.
You're too confused to move!
You hear some strange, mumbled words.
A puff of flame appears from out of thin air!
The puff of flame hits you! The fire burns you terribly!
You die...

..)_... ........#
###.......#
..........#
..........#
....[.....##+##+###
...................
..........@........
...........{.......
######'##.........
#...###########
+....'........#
#######........#
#.....#........#
#.....#........+
#.....#..†....%#


There were no monsters in sight!

Vanquished Creatures
  2 orc wizards (D:3)
  7 adders
  2 oozes
  3 worms (D:3)
  2 dart slugs (D:1)
  2 leopard geckos (D:3)
  3 orcs (D:3)
  A ball python (D:1)
  7 giant cockroaches
  5 goblins
  3 hobgoblins
  9 kobolds
  3 quokkas (D:3)
  10 bats
  5 frilled lizards
  6 rats
  4 toadstools (D:1)
74 creatures vanquished.

Notes
Turn   | Place    | Note
-------+----------+-------------------------------------------
     0 | D:1      | Felnil the Mummy Fighter began the quest for the Orb.
     0 | D:1      | Reached XP level 1. HP: 18/18 MP: 1/1
   165 | D:1      | Reached XP level 2. HP: 24/24 MP: 2/2
   357 | D:1      | Reached skill level 4 in Fighting
   598 | D:1      | Reached XP level 3. HP: 25/30 MP: 3/3
  1186 | D:2      | Reached XP level 4. HP: 38/38 MP: 4/4
  1311 | D:2      | Reached skill level 5 in Fighting
  1962 | D:3      | Reached XP level 5. HP: 44/46 MP: 5/5
  1979 | D:3      | Reached skill level 6 in Fighting
  2546 | D:4      | Noticed Sigmund
  2563 | D:4      | Found a basalt altar of Yredelemnul.
  2564 | D:4      | Killed from afar by Sigmund

Skill      XL: |  1  2  3  4  5 |
---------------+----------------+-----
Fighting       | 4 5 6 |  6.4
Short Blades   | |  1.5
Armour         | |  2.4
Shields        | |  2.4

Action                   |  1- 3 |  4- 6 || total
-------------------------+-------+-------++-------
Melee: Rapier            |   122 |     6 ||   128
       Short sword       |       |   110 ||   110
 Stab: Distracted        |       |     1 ||     1
Armor: Scale mail        |    77 |    42 ||   119
Dodge: Dodged            |    40 |    27 ||    67
Block: Shield            |    65 |    36 ||   101
